 Dungeon Crawl Stone Soup version 0.16.1-11-g651b585 (webtiles) character file.

252 SoulStice the Cudgeler (level 5, -4/44 HPs)
             Began as a Centaur Gladiator on Mar 31, 2015.
             Killed from afar by Sigmund (6 damage)
             ... with a magic dart
             ... on level 2 of the Dungeon on Apr 2, 2015.
             The game lasted 00:26:08 (3745 turns).

SoulStice the Cudgeler (Centaur Gladiator)          Turns: 3745, Time: 00:26:08

Health: -4/44      AC:  8    Str: 19    XL:     5   Next: 89%
Magic:  4/4        EV:  6    Int:  7    God:
Gold:   111        SH:  0    Dex:  9    Spells: 0 memorised, 4 levels left

rFire  . . .     SeeInvis .     a - +0 flail
rCold  . . .     Clarity  .     m - +0 chain mail (curse)
rNeg   . . .     SustAb   .     (no shield)
rPois  .         Gourm    .     c - +0 helmet
rElec  .         Spirit   .     (no cloak)
rCorr  .         Warding  .     (no gloves)
rMut   .         Stasis   .     (no barding)
MR     .....                    (no amulet)
Stlth  ..........               (no ring)
                                (no ring)

@: very quick, not resistant to hostile enchantments, extremely unstealthy
A: hooves 3, deformed body, speed 2, tough skin 3
a: no special abilities


You were on level 2 of the Dungeon.
You were not hungry.

You visited 1 branch of the dungeon, and saw 4 of its levels.

You collected 111 gold pieces.

Inventory:

Hand weapons
 a - a +0 flail (weapon)
 p - a +0 hunting sling
Missiles
 b - 29 sling bullets
 d - 3 throwing nets (quivered)
 j - 24 bolts
 n - 20 arrows
 q - 61 stones
 r - 8 tomahawks
 v - 9 sling bullets of frost
Armour
 c - a +0 helmet (worn)
 h - a +0 ring mail
 m - a cursed +0 chain mail (worn)
 y - a +0 pair of boots
Jewellery
 z - an uncursed amulet of faith {unknown}
Scrolls
 f - a scroll of recharging
 g - a scroll of enchant weapon {unknown}
 i - 2 scrolls of identify
 k - a scroll of remove curse {unknown}
 o - a scroll of fear
 t - a scroll of random uselessness
Potions
 s - 3 potions of brilliance {unknown}
 u - a potion of curing
 w - a potion of cancellation {unknown}
 A - a potion of flight {unknown}
Comestibles
 x - a bread ration


   Skills:
 + Level 2.9 Fighting
 + Level 3.5 Maces & Flails
 + Level 3.0 Throwing
 + Level 2.1 Armour
 + Level 3.4 Dodging
 + Level 0.2 Stealth


You had 4 spell levels left.
You didn't know any spells.

Dungeon Overview and Level Annotations

Branches:
Dungeon (4/15)
 Temple: D:4-7

Altars:

Annotations:
D:2 Sigmund


Innate Abilities, Weirdness & Mutations

You have hooves in place of feet.
Armour fits poorly on your strangely shaped body.
You cover ground very quickly.
You have extremely tough skin (AC +3).


Message History

You hit the worm. You kick the worm.
The worm is moderately wounded.
Something tries to affect you, but you resist.
You hit the worm. You kick the worm.
The worm is heavily wounded.
The worm bites you!
* * * LOW HITPOINT WARNING * * *
You barely miss the worm. You kick the worm, but do no damage.
The worm is heavily wounded.
The worm bites you.
* * * LOW HITPOINT WARNING * * *
You hit the worm. You kick the worm.
The worm is almost dead.
You hear some strange, mumbled words.
Something tries to affect you, but you resist.
The worm bites you but does no damage.
You hit the worm.
You kill the worm!
The magic dart hits you!
You die...

.####..## ....#..# .##.#..#
.##.#..# .......# ......##
###.### ####### # #.#
#############.....# ###.#
#.........@...###.#### ....#
#.############.......# #####
#.# #.##.##.# # #.#
#.##รท...# # #.## #.####..#
# ####..#### #.####..#
#........#******#.......#
####.###.#.#.#,,,,,######.##
.....##...##*,,,,,,* #.#


There were no monsters in sight!

Vanquished Creatures
  An orc priest (D:4)
  An orc wizard (D:4)
  A worker ant (D:4)
  Ijyb (D:3)
  6 adders
  A giant mite (D:3)
  2 worms
  4 giant geckos (D:2)
  7 orcs
  5 bats
  A giant cockroach (D:1)
  13 goblins
  8 hobgoblins
  A ball python (D:1)
  3 giant newts (D:2)
  3 jackals (D:1)
  10 kobolds
  2 quokkas
  10 rats
  3 plants (D:1)
83 creatures vanquished.

Notes
Turn   | Place    | Note
--------------------------------------------------------------
     0 | D:1      | SoulStice, the Centaur Gladiator, began the quest for the Orb.
     0 | D:1      | Reached XP level 1. HP: 17/17 MP: 1/1
   261 | D:1      | Reached XP level 2. HP: 24/24 MP: 2/2
   388 | D:1      | Reached skill level 3 in Maces & Flails
   841 | D:1      | Reached XP level 3. HP: 24/29 MP: 3/3
  1519 | D:2      | You fall through a shaft!
  1562 | D:4      | Reached skill level 1 in Armour
  1562 | D:4      | Reached XP level 4. HP: 37/37 MP: 3/3
  1768 | D:3      | Reached XP level 5. HP: 42/42 MP: 4/4
  2291 | D:3      | Noticed Ijyb
  2307 | D:3      | Killed Ijyb
  3622 | D:2      | Noticed Sigmund
  3742 | D:2      | HP: 2/44 [worm (8)]
  3745 | D:2      | Killed from afar by Sigmund

Action                   |  1- 3 |  4- 6 || total
-------------------------+-------+-------++-------
Melee: Flail             |   180 |   142 ||   322
  Use: Potion            |     4 |     2 ||     6
       Scroll            |       |     4 ||     4
  Eat: Bread ration      |     1 |       ||     1
       Meat ration       |       |     1 ||     1
